 Dungeon Crawl Stone Soup version 0.20-a0-513-g02c11fc (webtiles) character file.

7671 KristoblXynda the Covert (level 10, -5/49 HPs)
             Began as a Spriggan Earth Elementalist on Jan 22, 2017.
             Was an Elder of Dithmenos.
             Killed from afar by Josephine (24 damage)
             ... with a ghostly fireball
             ... on level 10 of the Dungeon.
             The game lasted 00:44:03 (11744 turns).

KristoblXynda the Covert (SpEE)                    Turns: 11744, Time: 00:44:06

Health: -5/49      AC:  5    Str:  5      XL:     10   Next: 99%
Magic:  27/27      EV: 20    Int: 23 (24) God:    Dithmenos [****..]
Gold:   271        SH:  0    Dex: 17      Spells: 7/19 levels left

rFire    + . .     SeeInvis +   i - +2 dagger (venom)
rCold    x . .     Gourm    .   L - +2 robe {MR+}
rNeg     . . .     Faith    .   (shield restricted)
rPois    .         Spirit   .   (helmet restricted)
rElec    .         Reflect  .   A - +0 cloak
rCorr    .         Harm     .   (gloves unavailable)
MR       ++...                  (boots unavailable)
Stlth    +++++++...             (no amulet)
Regen    0.2/turn               s - ring of magical power
                                E - ring of Intercession {Fire Int+5 Slay+2}

@: wreathed by umbra, heavily drained, very quick
A: unfitting armour, talons 1, see invisible, deterioration 1, herbivore 3,
speed 3, sense surroundings 1, slow metabolism 2
a: Shadow Step, Renounce Religion


You were on level 10 of the Dungeon.
You worshipped Dithmenos.
Dithmenos was greatly pleased with you.
You were not hungry.

You visited 2 branches of the dungeon, and saw 11 of its levels.

You collected 453 gold pieces.
You spent 182 gold pieces at shops.

Inventory:

Hand Weapons
 a - a +3 dagger of electrocution
 i - a +2 dagger of venom (weapon)
 p - a +0 hunting sling of freezing
Missiles
 c - 54 sling bullets
 G - a throwing net (quivered)
Armour
 A - a +0 cloak (worn)
 L - a +2 robe of magic resistance (worn)
Jewellery
 r - an uncursed ring of flight
 s - a ring of magical power (right hand)
 y - an uncursed ring of protection from fire
 E - the ring of Intercession (left hand) {Fire Int+5 Slay+2}
   (You found it on level 8 of the Dungeon)

   [ring of fire]

   It enhances your fire magic.
   It affects your intelligence (+5).
   It affects your accuracy and damage with ranged weapons and melee attacks
   (+2).
   It protects you from fire.
   It makes you vulnerable to cold.
Wands
 g - a wand of iceblast (2/15)
 D - a wand of acid (0/15)
 H - a wand of acid (10/15)
 J - a wand of enslavement (11/24)
Scrolls
 b - a scroll of holy word {unknown}
 f - 2 scrolls of amnesia
 j - a scroll of recharging
 m - a scroll of fog
 n - a scroll of identify
 t - 3 scrolls of enchant armour
 C - 3 scrolls of teleportation
 F - 2 scrolls of remove curse
 I - a scroll of fear
Potions
 h - a potion of flight {unknown}
 k - 2 potions of cancellation {unknown}
 l - 3 potions of lignification
 o - 2 potions of resistance {unknown}
 q - a potion of haste
 u - 2 potions of magic
 w - 4 potions of curing
 x - a potion of agility {unknown}
 B - 2 potions of heal wounds
 K - a potion of brilliance {unknown}
Books
 e - a book of Geomancy

   Spells                             Type                      Level
   a - Sandblast                      Earth                        1
   b - Passwall                       Transmutation/Earth          2
   c - Stone Arrow                    Conjuration/Earth            3
   d - Petrify                        Transmutation/Earth          4
   e - Lee's Rapid Deconstruction     Earth                        5
 v - a Young Poisoner's Handbook

   Spells                             Type                      Level
   a - Sting                          Conjuration/Poison           1
   b - Poisonous Vapours              Poison/Air                   2
   c - Mephitic Cloud                 Conjuration/Poison/Air       3
   d - Olgreb's Toxic Radiance        Poison                       4
   e - Venom Bolt                     Conjuration/Poison           5
Comestibles
 d - 3 bread rations
 z - 9 royal jellies


   Skills:
 + Level 3.8(2.6) Fighting
 - Level 3.1(1.9) Short Blades
 - Level 2.1(0.9) Slings
 - Level 6.3(5.0) Dodging
 - Level 13.0(11.4) Stealth
 - Level 5.0(3.8) Spellcasting
 - Level 1.0(0.0) Conjurations
 - Level 8.0(6.7) Transmutations
 + Level 8.3(6.9) Earth Magic
 - Level 8.0(6.7) Evocations


You had 7 spell levels left.
You knew the following spells:

 Your Spells              Type           Power        Failure   Level  Hunger
a - Petrify               Tmut/Erth      #####...     10%         4    ####...
b - Stone Arrow           Conj/Erth      ###...       10%         3    ###....
c - Lee's Rapid Deconstr  Erth           #####.....   21%         5    ######.


Dungeon Overview and Level Annotations

Branches:
Dungeon (10/15)            Temple (1/1) D:6
   Lair: D:8-11         Orc: D:9-12

Altars:
Ashenzari
Cheibriados
Dithmenos
Elyvilon
Fedhas
Gozag
Hepliaklqana
Kikubaaqudgha
Makhleb
Nemelex Xobeh
Okawaru
Qazlal
Ru
Sif Muna
Trog
Uskayaw
Vehumet
Xom
Yredelemnul
Zin
The Shining One

Shops:
D:9 [   D:10 (

Annotations:
D:5 mopl's ghost, novice BaFi
D:10 Josephine


Innate Abilities, Weirdness & Mutations

You are very small and have problems with some larger weapons.
You are too small for most types of armour.
You have supernaturally acute eyesight. (SInv)
You are a herbivore.
You cover ground extremely quickly.
You need consume almost no food.
You have sharp toenails.
Your body sometimes deteriorates upon taking damage.
You passively map a small area around you.


Message History

Aiming: Corrosive Bolt (will waste charges)
Press: ? - help, Shift-Dir - straight line, f/p - Josephine
Aim: Josephine, wielding a dagger and wearing a robe (heavily wounded, umbra) Nothing appears to happen.
Josephine casts a spell at you.
The ghostly flame explodes!
The ghostly fireball engulfs you!
You feel drained.
Ouch! That really hurt!
Your body deteriorates!
You feel dopey.
You emit a cloud of dark smoke.
Evoke which item? (* to show all) (? for menu, Esc to quit)
Aiming: Corrosive Bolt (will waste charges)
Press: ? - help, Shift-Dir - straight line, f/p - Josephine
Aim: Josephine, wielding a dagger and wearing a robe (heavily wounded)
The bolt of acid hits Josephine.
Josephine is splashed with acid.
The acid corrodes Josephine!
Josephine is almost dead.
Evoking this partially-identified wand wasted a few charges.
Josephine points at you and mumbles some strange words.
The ghostly flame explodes!
The ghostly fireball engulfs you!
You feel drained.
You die...

, * ......# .###.####
, * * .§.§.+ ,....* ,
* ,,W§§ #.#.##.. , ,*
* #§# ... #..###
#.####@###. .##..##.
#..H.§§§.#. ..#..##.
......(.§#.#. #.#..##.
**,,
.#########@#.##.....+.
, #..@.....#..##..###.
, #.########+†...>..+.
, #.# #.......#....##.
, #.# #......###...##.
* ,*,#.#
#.....#####..### , ,,
* #.# #....###.###..#
* ***
,#.###...###._.###.#
,#.).'....###.###..#
#.#####.....#'#+#..###


You could see Josephine.

Vanquished Creatures
  A two-headed ogre (D:8)
  Erica (D:10)
  An oklob plant (D:7)
  A centaur zombie (D:10)
  A queen bee (D:9)
  A hornet (D:6)
  A wyvern (D:8)
  2 wraiths (D:10)
  A water moccasin (D:8)
  6 orc warriors
  4 ogres
  2 ice beasts
  A necrophage (D:6)
  A phantom (D:4)
  4 centaurs
  2 crocodiles (D:8)
  2 big kobolds
  4 bullfrogs
  17 killer bees
  5 howler monkeys
  8 jellies
  2 crimson imps
  A hound (D:9)
  A bullfrog skeleton (D:6)
  A gnoll shaman (D:6)
  9 orc priests
  An iguana (D:8)
  7 worker ants
  13 orc wizards
  A hound skeleton (D:5)
  A howler monkey zombie (D:5)
  5 gnolls (D:6)
  A howler monkey skeleton (D:8)
  14 adders
  2 shadow imps
  14 oozes
  2 worms
  A dart slug (D:1)
  7 leopard geckos
  36 orcs
  4 ball pythons
  7 bats
  7 giant cockroaches
  12 goblins
  5 hobgoblins
  9 jackals
  23 kobolds
  3 quokkas
  2 frilled lizards
  2 jackal skeletons
  A leopard gecko zombie (D:6)
  8 rats
268 creatures vanquished.

Vanquished Creatures (others)
  8 fungi (D:7)
8 creatures vanquished.

Grand Total: 276 creatures vanquished

Notes
Turn   | Place    | Note
-------+----------+-------------------------------------------
     0 | D:1      | KristoblXynda the Spriggan Earth Elementalist began the quest for the Orb.
     0 | D:1      | Reached XP level 1. HP: 9/9 MP: 5/5
   196 | D:1      | Reached XP level 2. HP: 10/13 MP: 2/7
   919 | D:1      | Reached XP level 3. HP: 7/16 MP: 8/8
  1521 | D:2      | Reached skill level 1 in Short Blades
  1532 | D:2      | Learned a level 3 spell: Stone Arrow
  1539 | D:2      | Reached skill level 4 in Stealth
  1861 | D:2      | Reached XP level 4. HP: 21/21 MP: 7/9
  2267 | D:3      | Gained mutation: Your body sometimes deteriorates upon taking damage. [potion of mutation]
  2267 | D:3      | Gained mutation: You passively map a small area around you. [potion of mutation]
  2267 | D:3      | Gained mutation: You have sharp toenails. [potion of mutation]
  2734 | D:3      | Reached skill level 1 in Conjurations
  2762 | D:3      | Learned a level 4 spell: Petrify
  2912 | D:3      | Reached XP level 5. HP: 21/24 MP: 10/10
  3344 | D:4      | Reached skill level 5 in Stealth
  3846 | D:4      | Noticed a phantom
  3856 | D:4      | Killed a phantom
  3856 | D:4      | Reached XP level 6. HP: 28/28 MP: 11/11
  4049 | D:4      | Reached skill level 6 in Stealth
  4364 | D:5      | Entered Level 5 of the Dungeon
  4482 | D:5      | Reached XP level 7. HP: 30/32 MP: 12/12
  4568 | D:5      | Reached skill level 5 in Transmutations
  4626 | D:5      | Noticed mopl's ghost (novice BaFi)
  4645 | D:5      | Reached skill level 7 in Stealth
  5283 | D:6      | Found a staircase to the Ecumenical Temple.
  5294 | D:6      | Reached skill level 8 in Stealth
  5298 | Temple   | Entered the Ecumenical Temple
  5565 | Temple   | Became a worshipper of Dithmenos the Shadowed
  5666 | D:6      | Reached skill level 5 in Spellcasting
  5666 | D:6      | Reached XP level 8. HP: 36/36 MP: 3/16
  6240 | D:6      | Reached skill level 9 in Stealth
  6287 | D:6      | Reached * piety under Dithmenos
  6523 | D:6      | Noticed a hornet
  6544 | D:6      | Killed a hornet
  6544 | D:6      | Reached skill level 5 in Dodging
  6705 | D:6      | Reached skill level 10 in Stealth
  6729 | D:6      | Learned a level 5 spell: Lee's Rapid Deconstruction
  6861 | D:6      | Reached skill level 1 in Evocations
  6861 | D:6      | Reached XP level 9. HP: 34/39 MP: 17/17
  6934 | D:7      | Noticed an oklob plant
  7241 | D:7      | Reached ** piety under Dithmenos
  7251 | D:7      | Reached skill level 11 in Stealth
  7255 | D:7      | Reached skill level 5 in Earth Magic
  8540 | D:7      | Killed an oklob plant
  8540 | D:7      | Reached skill level 12 in Stealth
  8540 | D:7      | Reached skill level 5 in Evocations
  8800 | D:8      | Noticed a two-headed ogre
  8819 | D:8      | Killed a two-headed ogre
  8819 | D:8      | Reached XP level 10. HP: 44/44 MP: 16/18
  9220 | D:8      | Reached skill level 13 in Stealth
  9240 | D:8      | Reached *** piety under Dithmenos
  9260 | D:8      | Got an ancient copper ring
  9265 | D:8      | Identified the ring of Intercession {Fire Int+5 Slay+2} (You found it on level 8 of the Dungeon)
  9365 | D:8      | Reached skill level 1 in Slings
 10521 | D:9      | Found Kana's Antique Armour Shop.
 10634 | D:9      | Reached skill level 1 in Fighting
 10735 | D:9      | Reached **** piety under Dithmenos
 11198 | D:10     | Entered Level 10 of the Dungeon
 11202 | D:10     | Noticed Erica
 11478 | D:10     | Found Tevesi's Weapon Boutique.
 11517 | D:10     | Killed Erica
 11548 | D:10     | Bought 15 sling bullets for 105 gold pieces
 11548 | D:10     | Bought 11 sling bullets for 77 gold pieces
 11694 | D:10     | Found a sparkling altar of Nemelex Xobeh.
 11730 | D:10     | Noticed Josephine
 11744 | D:10     | Killed from afar by Josephine

Vault maps used:
D:1:      lightli_arrival_boilingwater, minmay_close_crescents
D:4:      first_bread
D:5:      serial_bayou_pond_a
D:6:      minmay_misc_feat_tiny
D:7:      lemuel_slime
D:9:      serial_shops, kennysheep_mini_moat, david_nohive_1
D:10:     serial_shops, shop, nemelex_diamond_rough_becter, uniq_erica,
          uniq_josephine
Temple:   regret_index_temple_sigil_plot

Skill      XL: |  1  2  3  4  5  6  7  8  9 10 |
---------------+-------------------------------+-----
Spellcasting   | 3 5 |  5.0
Earth Magic    | 3 4 6 8 |  8.3
Short Blades   | 1 2 3 |  3.1
Stealth        | 4 5 6 8 10 12 13 | 13.0
Conjurations   | 1 |  1.0
Transmutations | 2 3 4 6 8 |  8.0
Dodging        | 6 |  6.3
Evocations     | 1 6 8 |  8.0
Slings         | 2 |  2.1
Fighting       | 3 |  3.8

Action                   |  1- 3 |  4- 6 |  7- 9 | 10-12 || total
-------------------------+-------+-------+-------+-------++-------
Melee: Short sword       |    30 |       |       |       ||    30
       Dagger            |    60 |   194 |   298 |   140 ||   692
       Kick              |       |    16 |    56 |    25 ||    97
 Fire: Hunting sling     |       |       |    13 |       ||    13
 Cast: Sandblast         |    42 |     1 |       |       ||    43
       Stone Arrow       |       |    18 |    10 |       ||    28
       Petrify           |       |       |    31 |    35 ||    66
Evoke: Wand              |       |       |     4 |     7 ||    11
  Use: Scroll            |       |    12 |     8 |     2 ||    22
       Potion            |       |     1 |     3 |       ||     4
 Stab: Sleeping          |     7 |    13 |    17 |     7 ||    44
       Petrified         |       |       |    19 |    22 ||    41
       Distracted        |       |       |     3 |     5 ||     8
       Petrifying        |       |       |       |     4 ||     4
  Eat: Royal jelly       |       |     2 |     2 |       ||     4
       Bread ration      |       |       |     1 |     2 ||     3
Armor: Robe              |     6 |     6 |    18 |     7 ||    37
       Skin              |       |       |    16 |       ||    16
Dodge: Dodged            |    79 |   122 |   239 |   129 ||   569
